 Dungeon Crawl Stone Soup version 0.31-a0-1-g4198be8af4 (webtiles) character file.

Game seed: 18101380755664991194

24550 Summerboy the Severer (level 12, -6/177 HPs)
             Began as a Minotaur Berserker on May 2, 2023.
             Was an Elder of Trog.
             Shot with an arrow by a centaur warrior (9 damage)
             ... on level 13 of the Dungeon.
             The game lasted 00:57:41 (13979 turns).

Summerboy the Severer (Minotaur Berserker)         Turns: 13979, Time: 00:57:41

Health: -6/177     AC: 30    Str: 25    XL:     12   Next: 81%
Magic:  11/11      EV:  2    Int:  4    God:    Trog [****..]
Gold:   836        SH:  5    Dex: 12    Spells: 11/11 levels left

rFire   . . .        K - +3 battleaxe
rCold   . . .        (shield currently unavailable)
rNeg    . . .        a - melded +0 chain mail
rPois   +            (helmet currently unavailable)
rElec   .            v - melded +0 cloak
rCorr   +            y - melded +0 pair of gloves
SInv    .            o - melded +0 pair of boots
Will    .....        d - amulet of reflection
Stlth   +            I - +4 ring of protection
HPRegen 0.49/turn    D - ring of resist corrosion
MPRegen 0.12/turn

%: reflection
@: tree-form, on berserk cooldown, slowed, very slow
A: stationary, stasis, torment immunity, boosted hp, (horns 2), (retaliatory
headbutt)
a: Renounce Religion, Berserk, Trog's Hand, Brothers in Arms


You were on level 13 of the Dungeon.
You worshipped Trog.
Trog was greatly pleased with you.
You were a tree.
You visited 2 branches of the dungeon, and saw 14 of its levels.

You collected 836 gold pieces.

Inventory:

Hand Weapons
 q - a +1 mace of draining
 K - a +3 battleaxe (weapon)
 Q - a +0 battleaxe
Missiles
 b - 3 throwing nets (quivered)
Armour
 a - a +0 chain mail (melded)
 n - a +0 scale mail
 o - a +0 pair of boots (melded)
 v - a +0 cloak (melded)
 y - a +0 pair of gloves (melded)
 N - +0 acid dragon scales
Jewellery
 d - an amulet of reflection (around neck)
 i - a +6 ring of dexterity
 D - a ring of resist corrosion (right branch)
 I - a +4 ring of protection (left branch)
 R - a +6 ring of intelligence
Wands
 e - a wand of polymorph (4)
 x - a wand of digging (15)
 B - a wand of mindburst (18)
 J - a wand of paralysis (11)
Scrolls
 c - 2 scrolls of fear {unknown}
 f - a scroll of summoning {unknown}
 h - 3 scrolls of magic mapping
 l - 8 scrolls of teleportation
 m - 2 scrolls of silence {unknown}
 p - a scroll of torment {unknown}
 s - a scroll of identify
 u - 3 scrolls of noise {unknown}
 w - a scroll of poison {unknown}
 E - 2 scrolls of amnesia {unknown}
 F - 3 scrolls of brand weapon {unknown}
 L - 3 scrolls of blinking {unknown}
Potions
 g - a potion of haste {unknown}
 j - 2 potions of lignification
 k - a potion of cancellation {unknown}
 r - 3 potions of berserk rage
 t - a potion of magic {unknown}
 z - 3 potions of curing
 C - a potion of might {unknown}
 G - a potion of heal wounds {unknown}
 M - a potion of flight {unknown}
 O - 2 potions of resistance {unknown}


   Skills:
 + Level 14.3 Fighting
 + Level 17.0 Axes
 + Level 14.1 Armour
 - Level 2.1 Dodging


You had 11 spell levels left.
You didn't know any spells.
Your spell library was empty.

Dungeon Overview and Level Annotations

Branches:
Dungeon (13/15)            Temple (1/1) D:4            Lair (0/5) D:11
    Orc (0/2) D:9
 Vaults: D:13-14

Altars:
Ashenzari
Cheibriados
Dithmenos
Elyvilon
Fedhas
Gozag
Hepliaklqana
Kikubaaqudgha
Makhleb
Nemelex Xobeh
Okawaru
Qazlal
Ru
Sif Muna
Trog
Uskayaw
Vehumet
Wu Jian
Xom
Yredelemnul
Zin
The Shining One

Shops:
D:9 =

Annotations:
D:12 Rupert


Innate Abilities, Weirdness & Mutations

You are a tree.
Your roots penetrate the ground, keeping you stationary.
You cannot be teleported.
You are immune to unholy pain and torment.
Your maximum health is greatly increased.
Your equipment is partially melded.
((You have a pair of horns on your head.))
((You reflexively headbutt those who attack you in melee.))


Message History

The arrow barely misses you. You block the slime creature's attack.
Your Axes skill increases to level 17!
You slice the slime creature!!
You kill the slime creature!
Trog accepts your kill.
You slice the very large slime creature!!
The very large slime creature hits you!
* * * LOW HITPOINT WARNING * * *
The centaur warrior shoots an arrow.
The arrow hits you!
* * * LOW HITPOINT WARNING * * *
You slice the very large slime creature like a ripe choko!!!
You kill the very large slime creature!
Trog accepts your kill.
You see here a vampire mosquito corpse.
You slam the door shut with a bang!
You feel a strong urge to attack something.
You are no longer berserk.
You are exhausted.
You feel yourself slow down.
You see here a vampire mosquito corpse.
A centaur warrior opens the door.
The centaur warrior shoots an arrow.
The arrow hits you!!
* * * LOW HITPOINT WARNING * * *
You see here a vampire mosquito corpse.
Found a sling.
Found a stone staircase leading up.
The centaur warrior shoots an arrow.
You block the arrow with an invisible shield... and reflect it back!
The arrow closely misses the centaur warrior.
Really quaff the potion of lignification? [Y]es or [N]o only, please.
Really quaff the potion of lignification?
You turn into a tree.
Your +0 cloak melds into your body.
Your +0 pair of gloves melds into your body.
Your +0 pair of boots melds into your body.
Your +0 chain mail melds into your body.
Your roots penetrate the ground.
The centaur warrior shoots an arrow.
The arrow hits you!
* * * LOW HITPOINT WARNING * * *
The centaur warrior shoots an arrow.
The arrow hits you!
You die...

################
#...............
#...............
#...............
#...............
#...............
#...††c.........
######'##♣.......
#[...c.##........
#......#.........#..#
#......#.........#..# ..#
#......#.........#..##..#
+......#.........#..##..#
#..##..#.<)......#..##..#
#..##..#.........#..##..#
#..##..# #..##..#


You could see a centaur warrior.

Vanquished Creatures
  Snorg (D:12)
  Josephine (D:12)
  Harold (D:11)
  Fannar (D:12)
  An ice dragon (D:12)
  A hydra (D:12)
  2 two-headed ogres
  A centaur warrior (D:12)
  A tengu warrior (D:11)
  A deep elf pyromancer (D:12)
  2 ugly things
  5 cyclopes
  Maurice (D:11)
  3 gargoyles
  A kobold demonologist (D:11)
  2 komodo dragons (D:12)
  A tengu conjurer (D:11)
  2 trolls
  A hornet (D:7)
  A shadow (D:12)
  6 slime creatures
  4 wraiths (D:12)
  A basilisk (D:12)
  31 yaks
  A wyvern (D:11)
  A steam dragon (D:9)
  6 vampire mosquitoes
  Grum (D:9)
  3 acid dragons
  Edmund (D:4)
  2 water moccasins
  4 orc warriors
  2 ice beasts
  3 sky beasts
  6 black bears
  An ogre (D:5)
  3 wolves (D:9)
  3 centaurs
  3 kobold brigands
  5 bullfrogs
  3 scorpions
  2 gnoll sergeants
  3 wights (D:7)
  4 jellies
  5 howler monkeys
  An electric eel (D:8)
  3 hounds
  4 gnoll boudas
  4 orc priests
  A sleepcap (D:6)
  3 iguanas
  7 orc wizards
  30 gnolls
  2 adders
  A white imp (D:6)
  2 worms
  25 orcs
  6 bats
  4 endoplasms
  A giant cockroach (D:3)
  9 goblins
  A hobgoblin (D:2)
  5 jackals (D:1)
  2 quokkas
  10 ball pythons
  2 frilled lizards (D:3)
  17 kobolds
  6 rats
280 creatures vanquished.

Vanquished Creatures (others)
  32 fungi (D:11)
  37 plants (D:11)
69 creatures vanquished.

Grand Total: 349 creatures vanquished

Notes
Turn   | Place    | Note
-------+----------+-------------------------------------------
     0 | D:1      | Summerboy the Minotaur Berserker began the quest for the
                  | Orb.
     0 | D:1      | Reached XP level 1. HP: 19/19 MP: 0/0
    67 | D:1      | Reached skill level 4 in Axes
    67 | D:1      | Reached XP level 2. HP: 12/27 MP: 1/1
   541 | D:2      | Found a sparkling altar of Nemelex Xobeh.
   828 | D:2      | Reached XP level 3. HP: 33/33 MP: 2/2
  1354 | D:3      | Found a shadowy altar of Dithmenos.
  1427 | D:3      | Reached ** piety under Trog
  1663 | D:3      | Reached skill level 5 in Axes
  1663 | D:3      | Reached XP level 4. HP: 41/41 MP: 3/3
  2354 | D:4      | Reached XP level 5. HP: 41/47 MP: 4/4
  2403 | D:4      | Found a staircase to the Ecumenical Temple.
  2411 | Temple   | Entered the Ecumenical Temple
  2680 | D:4      | Noticed Edmund
  2691 | D:4      | Killed Edmund
  2692 | D:4      | Reached skill level 5 in Fighting
  2692 | D:4      | Reached skill level 6 in Axes
  2692 | D:4      | Reached XP level 6. HP: 56/56 MP: 5/5
  2919 | D:4      | Identified the +2 robe "Suumaz" {-Tele Str+8 Dex+3 Stlth+}
  3004 | D:5      | Entered Level 5 of the Dungeon
  3006 | D:5      | Noticed a water moccasin
  3010 | D:5      | Killed a water moccasin
  3011 | D:5      | Reached skill level 7 in Axes
  3065 | D:5      | Reached skill level 5 in Armour
  3065 | D:5      | Reached XP level 7. HP: 62/62 MP: 6/6
  3248 | D:5      | Reached skill level 8 in Axes
  3911 | D:6      | Reached XP level 8. HP: 71/71 MP: 7/7
  4032 | D:6      | Found a large runed translucent door.
  4037 | D:6      | Found a large runed translucent door.
  4053 | D:6      | Reached skill level 9 in Axes
  4058 | D:6      | Found a blossoming altar of Fedhas.
  4067 | D:6      | Found a broken altar of Ashenzari.
  4469 | D:6      | Found a basalt altar of Yredelemnul.
  4764 | D:6      | Found an ornate altar of the Wu Jian Council.
  4865 | D:6      | Found a shimmering altar of Xom.
  4873 | D:6      | Reached skill level 10 in Axes
  4935 | D:6      | Found a bloodstained altar of Trog.
  5579 | D:7      | Noticed a hornet
  5587 | D:7      | Killed a hornet
  5588 | D:7      | Reached XP level 9. HP: 81/81 MP: 8/8
  5953 | D:8      | Reached skill level 11 in Axes
  6008 | D:7      | Paralysed by a wight for 3 turns
  6211 | D:8      | Reached skill level 12 in Axes
  6229 | D:8      | Reached *** piety under Trog
  6740 | D:8      | Reached XP level 10. HP: 81/91 MP: 9/9
  7595 | D:9      | Noticed Grum
  7599 | D:9      | Killed Grum
  7600 | D:9      | Reached skill level 13 in Axes
  7738 | D:9      | Found a staircase to the Orcish Mines.
  7788 | D:9      | Noticed a two-headed ogre
  8090 | D:9      | Found a sacrificial altar of Ru.
  8248 | D:9      | Found Piwo's Jewellery Shop.
  8318 | D:9      | Reached skill level 10 in Fighting
  8331 | D:9      | Reached **** piety under Trog
  8422 | D:9      | Killed a two-headed ogre
  8423 | D:9      | Reached skill level 14 in Axes
  8423 | D:9      | Reached skill level 10 in Armour
  8672 | D:9      | Found a glowing golden altar of the Shining One.
  8696 | D:10     | Entered Level 10 of the Dungeon
  8988 | D:10     | Found a shimmering blue altar of Sif Muna.
  8995 | D:10     | Noticed a purple ugly thing
  9010 | D:10     | Killed a purple ugly thing
  9095 | D:10     | Reached XP level 11. HP: 58/101 MP: 10/10
  9563 | D:11     | Noticed a tengu warrior
  9580 | D:11     | Killed a tengu warrior
  9697 | D:11     | Found a broken altar of Ashenzari.
  9908 | D:11     | Reached skill level 15 in Axes
 10123 | D:11     | Noticed Maurice
 10185 | D:11     | Killed Maurice
 10444 | D:11     | Found a staircase to the Lair.
 10989 | D:11     | Noticed Harold
 11007 | D:11     | Killed Harold
 11190 | D:12     | Noticed Snorg
 11190 | D:12     | Noticed a deep elf pyromancer
 11401 | D:12     | Killed a deep elf pyromancer
 11402 | D:12     | Noticed Rupert
 11402 | D:12     | Noticed a centaur warrior
 11402 | D:12     | Noticed a tengu warrior
 11402 | D:12     | Noticed a deep elf zephyrmancer
 11403 | D:12     | Noticed a skeletal warrior
 11412 | D:12     | Noticed a wizard
 11412 | D:12     | Noticed a boulder beetle
 11416 | D:12     | Noticed Fannar
 11888 | D:12     | Reached XP level 12. HP: 82/113 MP: 11/11
 12213 | D:12     | Identified the +6 scale mail of the Seven of Swords
                  | {Rampage Str-3 Int+4}
 12303 | D:12     | Killed Fannar
 12304 | D:12     | Reached skill level 16 in Axes
 12310 | D:12     | Killed Snorg
 12344 | D:12     | Reached ***** piety under Trog
 12926 | D:12     | Noticed a two-headed ogre
 12933 | D:12     | Noticed an ice dragon
 12936 | D:12     | Killed a two-headed ogre
 13104 | D:12     | Killed an ice dragon
 13176 | D:12     | Noticed a centaur warrior
 13182 | D:12     | Identified the +0 ring mail of Hepliaklqana's Reproof
                  | {rElec rF+ rC+ rN+}
 13184 | D:12     | Killed a centaur warrior
 13184 | D:12     | Noticed Josephine
 13378 | D:12     | Killed Josephine
 13684 | D:13     | Noticed an eight-headed hydra
 13696 | D:12     | Killed an eight-headed hydra
 13955 | D:13     | Noticed a centaur warrior
 13971 | D:13     | Reached skill level 17 in Axes
 13976 | D:13     | HP: 5/118 [centaur warrior/arrow (19)]
 13979 | D:13     | Shot with an arrow by a centaur warrior

Illustrated notes

Levels and vault maps discovered:
D:1:      lightli_arrival_quake, layout_rooms
D:2:      cheibrodos_old_hovel, layout_loops_corners, basic_altar
D:3:      layout_loops_corners, mainiacjoe_overflow_brackets
D:4:      layout_gridville, minmay_temple_entry_hall, uniq_edmund
D:5:      layout_cave_pools
D:6:      layout_loops_corners, lightli_temple_of_fire, jmf_multi_god_temple2,
          mainiacjoe_overflow_boulevard, xom_teletrap_fun,
          mainiacjoe_overflow_alcove_2
D:7:      layout_basic, feat_on_display
D:8:      layout_basic, kennysheep_small_spiral
D:9:      layout_cave_pools, tso_oasis_becter, old_standard_altar, orc_0_dummy,
          serial_co_window_serial, co_window_corner_a, co_window_paths_a,
          co_window_paths_a, co_window_paths_a, co_window_paths_b,
          co_window_paths_b, co_window_paths_a, co_window_of_opportunity_b,
          co_window_2corner, co_window_corner_b, co_window_2corner,
          co_window_4corner_a, co_window_paths_e, glass_columns_b,
          glass_columns_c, glass_columns_c, glass_columns_b, serial_shops,
          nicolae_shop_tiny_real_fake_doors, uniq_grum
D:10:     layout_big_octagon, nicolae_overflow_hidden_temple
D:11:     layout_grid_maze, due_lair_maze_entry_diamond, ashenzari_altar_1,
          uniq_harold, uniq_maurice
D:12:     minmay_octagon_keep, layout_stronghold, minivault_12, uniq_fannar,
          uniq_rupert, uniq_josephine, uniq_snorg
D:13:     layout_stronghold, zin_purify
Temple:   nicolae_temple_hex_pool

Skill      XL: |  1  2  3  4  5  6  7  8  9 10 11 12 |
---------------+-------------------------------------+-----
Axes           | 4 5 6 7 8 10 12 14 15 17 | 17.0
Fighting       | 4 5 6 8 9 10 12 14 | 14.3
Armour         | 3 4 5 6 7 9 10 12 14 | 14.1
Dodging        | |  2.1

Action                     |  1- 3 |  4- 6 |  7- 9 | 10-12 || total
---------------------------+-------+-------+-------+-------++-------
  Melee: Hand axe          |    62 |    62 |    80 |       ||   204
         Headbutt          |     8 |    15 |    59 |   114 ||   196
         Punch             |     1 |       |     4 |     1 ||     6
         War axe           |       |       |   179 |   108 ||   287
         Battleaxe         |       |       |       |   363 ||   363
         Mace              |       |       |       |     8 ||     8
 Invoke: Berserk           |     2 |     1 |     4 |     9 ||    16
         Trog's Hand       |       |       |     3 |     3 ||     6
    Use: Scroll            |       |       |       |    13 ||    13
         Potion            |       |       |       |     2 ||     2
 Armour: Animal skin       |     6 |       |       |       ||     6
         Ring mail         |     8 |       |       |       ||     8
         Scale mail        |     8 |    11 |    71 |       ||    90
         Acid dragon scale |       |       |    21 |   125 ||   146
         Chain mail        |       |       |       |   151 ||   151
  Dodge: Dodged            |    43 |    30 |   106 |   196 ||   375
  Block: Other             |    15 |     6 |    46 |   100 ||   167
         Reflection        |     1 |       |       |     9 ||    10

Table legend: (Time is in decaauts)
 A = Elapsed time spent in this place.
 B = Non-inter-level travel time spent in this place.
 C = Inter-level travel time spent in this place.
 D = Time resting spent in this place.
 E = Time spent auto-exploring this place.
 F = Levels seen in this place.
 G = Mean time per level.
                   A        B        C        D        E       F      G
               +--------+--------+--------+--------+--------+-----+--------+
         Total |  14051 |  13367 |    684 |   3169 |   7590 |  14 | 1003.6 |
       Dungeon |  13943 |  13278 |    665 |   3169 |   7513 |  13 | 1072.5 |
        Temple |    107 |     88 |     19 |      0 |     77 |   1 |  107.0 |
               +--------+--------+--------+--------+--------+-----+--------+

Top non-repeatable levels by time:
    D:12: 2572 daAuts
    D:11: 1734 daAuts
     D:6: 1465 daAuts
     D:8: 1379 daAuts
     D:9: 1156 daAuts
     D:7: 955 daAuts
     D:3: 942 daAuts
    D:10: 875 daAuts
     D:2: 848 daAuts
     D:5: 742 daAuts
     D:4: 611 daAuts
     D:1: 519 daAuts
    D:13: 139 daAuts
  Temple: 107 daAuts
